 Dungeon Crawl Stone Soup version 0.29.1-2-gbd0b4ee654 (webtiles) character file.

Game seed: 7749342238256749287

363 Avanven the Shooter (level 6, 0/33 HPs)
             Began as a Deep Elf Arcane Marksman on Nov 5, 2022.
             Slain by a black bear (6 damage)
             ... on level 4 of the Dungeon.
             The game lasted 00:18:27 (5316 turns).

Avanven the Shooter (Deep Elf Arcane Marksman)      Turns: 5316, Time: 00:18:28

Health: 0/33       AC:  3    Str:  7    XL:     6   Next: 39%
Magic:  7/10       EV: 12    Int: 20    God:
Gold:   473        SH:  0    Dex: 15    Spells: 4/8 levels left

rFire   . . .      SeeInvis .   a - +1 sling
rCold   . . .      Faith    .   (no shield)
rNeg    . . .      Spirit   .   c - +1 robe
rPois   .          Reflect  .   (no helmet)
rElec   .          Harm     .   (no cloak)
rCorr   .          Rampage  .   (no gloves)
Will    .....                   (no boots)
Stlth   +.........              (no amulet)
HPRegen 0.11/turn               (no ring)
MPRegen 0.12/turn               (no ring)

@: no status effects
A: no striking features
a: no special abilities


You were on level 4 of the Dungeon.
You visited 1 branch of the dungeon, and saw 4 of its levels.
You also visited: Ossuary.

You collected 473 gold pieces.

Inventory:

Hand Weapons
 a - a +1 sling (weapon)
Armour
 c - a +1 robe (worn)
 n - the +2 ring mail of Waosotus {rElec rF- SInv}
   (You found it on level 4 of the Dungeon)

   rF:        It makes you vulnerable to fire.
   rElec:     It insulates you from electricity.
   SInv:      It lets you see invisible.
 t - a scarf of harm
Wands
 m - a wand of acid (8)
Scrolls
 b - a scroll of poison
 d - a scroll of blinking {unknown}
 e - 3 scrolls of enchant armour
 h - a scroll of brand weapon {unknown}
 k - a scroll of butterflies
 q - 2 scrolls of teleportation
 s - a scroll of enchant weapon {unknown}
 v - a scroll of silence
Potions
 f - 3 potions of flight
 g - a potion of lignification
 i - 6 potions of curing
 j - a potion of resistance {unknown}
 l - 3 potions of attraction
 o - a potion of degeneration {unknown}
 p - 2 potions of might
 r - a potion of berserk rage {unknown}
 u - 2 potions of cancellation {unknown}


   Skills:
 - Level 0.7 Fighting
 * Level 7.5 Ranged Weapons
 - Level 2.4 Dodging
 - Level 0.1 Stealth
 - Level 1.5 Spellcasting
 + Level 5.5 Hexes
 - Level 2.3 Translocations


You had 4 spell levels left.
You knew the following spells:

 Your Spells              Type           Power      Damage    Failure   Level
a - Slow                  Hex            92%        N/A       1%          1
b - Portal Projectile     Hex/Tloc       34%        N/A       10%         3

Your spell library contained the following spells:

 Spells                   Type           Power      Damage    Failure   Level
 Inner Flame              Hex/Fire       12%        N/A       16%         3
 Beastly Appendage        Tmut           2%         N/A       17%         1
 Cause Fear               Hex            11%        N/A       17%         4
 Wereblood                Tmut           1%         N/A       26%         2
 Frozen Ramparts          Ice            2%         1d1       45%         3
 Spider Form              Tmut/Pois      1%         N/A       45%         3
 Ice Form                 Ice/Tmut       1%         N/A       86%         4
 Summon Ice Beast         Ice/Summ       1%         N/A       86%         4
 Dispersal                Tloc           5%         N/A       100%        6
 Disjunction              Tloc           5%         N/A       100%        8


Dungeon Overview and Level Annotations

Branches:
Dungeon (4/15)             Temple (0/1) D:4         Ossuary (visited)

Altars:


Message History

The orc is heavily wounded.
The orc completely misses you.
You shoot a sling bullet. The sling bullet barely misses the orc.
The sling bullet barely misses the black bear.
The orc barely misses you.
You shoot a sling bullet. The sling bullet hits the orc!
You kill the orc!
You shoot a sling bullet. The sling bullet hits the black bear.
The black bear is moderately wounded.
You shoot a sling bullet. The sling bullet hits the black bear.
The black bear is moderately wounded.
You shoot a sling bullet. The sling bullet hits the black bear.
The black bear is heavily wounded.
You shoot a sling bullet. The sling bullet hits the black bear.
The black bear is severely wounded.
You shoot a sling bullet. The sling bullet hits the black bear.
The black bear is severely wounded.
You shoot a sling bullet. The sling bullet hits the black bear.
The black bear is almost dead.
The black bear is no longer moving slowly.
Casting: Portal Projectile (quite dangerous; 10% risk of failure)
Confirm with . or Enter, or press ? or * to list all spells.
Aiming: Slow (safe; 1% risk of failure)
Press: ? - help, Shift-Dir - straight line, f/p - black bear
Aim: a black bear (almost dead, chance to affect: 62%)
The black bear resists with significant effort.
The black bear bites you. The black bear claws you. x2
Casting: Slow (safe; 1% risk of failure)
Confirm with . or Enter, or press ? or * to list all spells.
Aiming: Slow (safe; 1% risk of failure)
Press: ? - help, Shift-Dir - straight line, f/p - black bear
Aim: a black bear (almost dead, chance to affect: 62%)
The black bear seems to slow down.
The black bear shakes off its lethargy.
The black bear goes berserk!
The black bear rages.
The black bear attacks as you move away!
The black bear bites you! The black bear claws you.
* * * LOW HITPOINT WARNING * * *
The black bear claws you.
You die...

*,*,,*,,**..##.,*#..<...#
*,*,,,,****....**##.##..#
*,*,**.** *#..#* ##.##..#
*,*,,,..** #..# ##......#
*,,,,,...###..###...##.##
*******,#..........#.##.#
*,,[..,,#..........#....#
*,*#.#*...###..###...#.##
*,*#..,..** #@.# ##....#
*,*#.##.#* ##h.## ##...#
*,##.##.####....####.###
*,,......##..##..##..#
***#.##..............#
#*** #.##..##......>.###
...####........#.#.#.##
****###
.......##..........#.#
*,,,...
.#.###.##...#......#.#
*,,....


You could see a black bear (berserk).

Vanquished Creatures
  A necrophage (D:4)
  8 mummies (Ossuary)
  Robin (D:2)
  5 adders
  3 gnolls (D:2)
  2 worms (D:2)
  2 dart slugs
  3 orcs
  5 bats
  6 endoplasms
  18 goblins
  12 hobgoblins
  9 jackals
  5 kobolds
  6 quokkas
  9 ball pythons
  4 frilled lizards
  A gnoll zombie (Ossuary)
  A hobgoblin zombie (Ossuary)
  A kobold zombie (Ossuary)
  5 orc zombies (Ossuary)
  6 rats
113 creatures vanquished.

Notes
Turn   | Place    | Note
-------+----------+-------------------------------------------
     0 | D:1      | Avanven the Deep Elf Arcane Marksman began the quest for
                  | the Orb.
     0 | D:1      | Reached XP level 1. HP: 11/11 MP: 5/5
   109 | D:1      | Reached skill level 3 in Ranged Weapons
   183 | D:1      | Reached XP level 2. HP: 16/16 MP: 2/6
   756 | D:1      | Reached XP level 3. HP: 20/20 MP: 7/7
   800 | D:1      | Reached skill level 4 in Ranged Weapons
  1551 | D:2      | Reached skill level 5 in Hexes
  1565 | D:2      | Reached XP level 4. HP: 24/24 MP: 6/8
  1585 | D:2      | Learned a level 3 spell: Portal Projectile
  1725 | D:2      | Reached skill level 5 in Ranged Weapons
  1747 | D:2      | Noticed Robin
  2069 | D:2      | Killed Robin
  2206 | D:2      | Reached skill level 1 in Translocations
  2490 | D:2      | Found a faded altar of an unknown god.
  2905 | D:3      | Reached XP level 5. HP: 26/28 MP: 7/9
  3248 | D:3      | Reached skill level 6 in Ranged Weapons
  4115 | D:4      | Noticed a black bear
  4215 | D:4      | Identified the +2 ring mail of Waosotus {rElec rF- SInv}
  4454 | D:4      | Found a sand-covered staircase.
  4459 | Ossuary  | Entered an ossuary
  4797 | Ossuary  | Reached skill level 7 in Ranged Weapons
  4797 | Ossuary  | Reached XP level 6. HP: 33/33 MP: 0/10
  5316 | D:4      | Slain by a black bear

Illustrated notes

Levels and vault maps discovered:
D:1:      lightli_arrival_maybe_door_vault, layout_basic, nrook_loot_triangle
D:2:      layout_basic, ebering_ecumenical_altar_mist, minmay_distorted,
          uniq_robin
D:3:      kennysheep_big_flooded_room, layout_loops_ring
D:4:      layout_loops_cross, minmay_temple_entry_proselytizer,
          nicolae_ossuary_entry_false_entrances, hangedman_abyss_or_decor_stabs,
          amcnicky_mini_pool_small, palyth_stone_intersect,
          kennysheep_generic_room_8, uniq_menkaure, uniq_pikel

Skill      XL: |  1  2  3  4  5 |
---------------+----------------+-----
Ranged Weapons | 3 4 5 7 |  7.5
Hexes          | 5 |  5.5
Translocations | 1 2 |  2.3
Fighting       | |  0.7
Dodging        | |  2.4
Stealth        | |  0.1
Spellcasting   | |  1.5

Action                   |  1- 3 |  4- 6 || total
-------------------------+-------+-------++-------
 Fire: Sling             |   111 |   350 ||   461
 Cast: Slow              |    24 |    38 ||    62
       Portal Projectile |       |     7 ||     7
Evoke: Wand              |       |     1 ||     1
  Use: Scroll            |       |    14 ||    14
Armor: Robe              |     6 |    22 ||    28
Dodge: Dodged            |    27 |    81 ||   108
